 Dungeon Crawl Stone Soup version 0.28.0-47-ge53b351184 (webtiles) character file.

Game seed: 10343708452179083622

3 Bruhh the Magician (level 1, 0/15 HPs)
             Began as a Djinni Fire Elementalist on Apr 28, 2022.
             Frozen to death by an endoplasm (6 damage)
             ... on level 1 of the Dungeon.
             The game lasted 00:00:27 (209 turns).

Bruhh the Magician (Djinni Fire Elementalist)        Turns: 209, Time: 00:00:29

Health: 0/15       AC:  2    Str:  7    XL:     1   Next: 55%
Gold:   0          EV: 12    Int: 16    God:
                   SH:  0    Dex: 13

rFire   + + .      SeeInvis .   (no weapon)
rCold   x . .      Faith    .   (no shield)
rNeg    . . .      Spirit   .   a - +0 robe
rPois   ∞          Reflect  .   (no helmet)
rElec   .          Harm     .   (no cloak)
rCorr   .          Rampage  .   (no gloves)
Will    .....                   (boots unavailable)
Stlth   ++........              (no amulet)
HPRegen 0.05/turn               (no ring)
MPRegen 0.00/turn               (no ring)

@: flying
A: sickness immunity, fire resistance 2, cold vulnerability 1, float, innate
caster, HP casting, extra vitality 1
a: no special abilities


You were on level 1 of the Dungeon.
You visited 1 branch of the dungeon, and saw 1 of its levels.

Inventory:

Armour
 a - a +0 robe (worn)


   Skills:
 - Level 2.1 Dodging
 - Level 1.5 Stealth
 + Level 2.6 Spellcasting


You couldn't memorise any spells.
You knew the following spells:

 Your Spells              Type           Power      Damage    Failure   Level
a - Foxfire               Conj/Fire      40%        2x1d6     7%          1
b - Scorch                Fire           20%        2d6       10%         2
c - Conjure Flame         Conj/Fire      10%        6-21      21%         3
d - Inner Flame           Hex/Fire       10%        N/A       21%         3
e - Flame Wave            Conj/Fire      10%        2d5       54%         4
Your spell library was empty.

Dungeon Overview and Level Annotations

Branches:
Dungeon (1/15)

Altars:


Innate Abilities, Weirdness & Mutations

You are immune to sickness and miasma.
You are immune to poison.
Your flesh is very heat resistant. (rF++)
You are vulnerable to cold. (rC-)
You float through the air rather than walking.
You learn spells naturally, not from books.
Your magical power is your life essence.
You have superior vitality. (+4 MHP)


Message History

A bat is nearby!
A bat is nearby!
You conjure some foxfire!
You conjure some foxfire!
The foxfire hits the bat.
You kill the bat!
Your foxfire dissipates!
Your foxfire dissipates!
Found 12 stones.
You see here 12 stones.
A dart slug comes into view.
A dart slug is nearby!
A dart slug is nearby!
A dart slug is nearby!
An endoplasm comes into view.
The endoplasm quivers.
A goblin comes into view. It is wielding a +0 club.
A hobgoblin comes into view.
The goblin shouts!
A goblin comes into view. It is wielding a +0 dagger.
You conjure some foxfire!
The goblin shouts!
The hobgoblin shouts!
The hobgoblin enters a dispersal trap!
The goblin blinks! x2
The dart slug blinks!
The endoplasm blinks! x2
Your foxfire blinks! x2
You blink.
The hobgoblin blinks!
The goblin hits you but does no damage. The endoplasm closely misses you.
You conjure some foxfire!
The foxfire hits the dart slug.
The dart slug is moderately wounded.
The foxfire hits the dart slug.
The dart slug is severely wounded.
The dart slug barely misses you. The goblin hits you but does no damage.
The goblin barely misses you. The endoplasm misses you.
You conjure some foxfire!
The foxfire hits the goblin.
You kill the goblin!
The foxfire hits the dart slug.
The dart slug is almost dead.
The goblin hits you with a +0 club. The dart slug bites you.
The endoplasm freezes you.
You are frozen.
You feel a terrible chill!
You die...

# ## ###.##
.##.... .#.#.
#.§g# ##vg)##
#.v@..#
#.Jw§.#
#.....#
##.§.## ♣♣###
##.## ♣#.#≈♣
#.#
♣#♣♣#.♣.####♣
#.#
♣...........♣
##########.##
♣...........♣
............#
#..#######..♣


You could see a dart slug, an endoplasm (ally target), a hobgoblin and a goblin
(ally target).

Vanquished Creatures
  A bat (D:1)
  A giant cockroach (D:1)
  A goblin (D:1)
  A ball python (D:1)
4 creatures vanquished.

Vanquished Creatures (others)
  15 foxfires (D:1)
15 creatures vanquished.

Grand Total: 19 creatures vanquished

Notes
Turn   | Place    | Note
-------+----------+-------------------------------------------
     0 | D:1      | Bruhh the Djinni Fire Elementalist began the quest for the
                  | Orb.
     0 | D:1      | Reached XP level 1. HP: 15/15 MP: 0/0
   209 | D:1      | Frozen to death by an endoplasm

Illustrated notes

Levels and vault maps discovered:
D:1:      saegor_arrival_under_anarchy, layout_loops_ring,
          shapermc_ecumenical_altar_notcrosses, minmay_heptomino_h4

Action                   || total
-------------------------++-------
Melee: Unarmed           ||     3
 Cast: Foxfire           ||    10
Armor: Robe              ||     2
Dodge: Dodged            ||     5
